 Dungeon Crawl Stone Soup version 0.25.0-37-gb73750e0fb (webtiles) character file.

Game seed: 11101080123383244761

15081 Ethylacetat the Impaler (level 12, -3/102 HPs)
             Began as a Merfolk Gladiator on July 8, 2020.
             Was a Priest of Dithmenos.
             Slain by an unseen horror (10 damage)
             ... on level 12 of the Dungeon.
             The game lasted 00:35:40 (13934 turns).

Ethylacetat the Impaler (Merfolk Gladiator)        Turns: 13934, Time: 00:35:40

Health: -3/102     AC: 19    Str: 19    XL:     12   Next: 23%
Magic:  14/14      EV: 13    Int:  8    God:    Dithmenos [***...]
Gold:   154        SH:  5    Dex: 19    Spells: 11/11 levels left

rFire    . . .     SeeInvis +   u - +3 trident of Domination {vorpal, rElec rPois SInv}
rCold    . . .     Gourm    .   (no shield)
rNeg     . . .     Faith    .   N - +2 scale mail of Hubris {Harm *Slow rElec Dex+4 Slay+3}
rPois    +         Spirit   .   c - +1 helmet
rElec    +         Reflect  +   r - +2 cloak
rCorr    .         Harm     +   (no gloves)
MR       .....                  L - +1 pair of boots {run}
Stlth    ..........             b - amulet of reflection
HPRegen  0.27/turn              J - ring of attention (curse)
MPRegen  0.14/turn              q - +4 ring of protection

@: marked, wreathed by umbra, quick
A: change form in water, swift swim, stealthy swim
a: Shadow Step, Renounce Religion


You were on level 12 of the Dungeon.
You worshipped Dithmenos.
Dithmenos was most pleased with you.
You were not hungry.

You visited 2 branches of the dungeon, and saw 13 of its levels.

You collected 558 gold pieces.
You spent 404 gold pieces at shops.

Inventory:

Hand Weapons
 u - the +3 trident of Domination (weapon) {vorpal, rElec rPois SInv}
   (You found it on level 4 of the Dungeon)

   It inflicts extra damage upon your enemies.
   It insulates you from electricity.
   It protects you from poison.
   It lets you see invisible.
 w - the +0 quarterstaff "Pihuufaq" {venom, +Rage rF+ rC+++ Dex+4}
   (You found it on level 5 of the Dungeon)

   It poisons the flesh of those it strikes.
   It affects your dexterity (+4).
   It protects you from fire.
   It renders you almost immune to cold.
   It lets you go berserk.
Missiles
 e - 11 atropa-tipped darts (quivered)
Armour
 c - a +1 helmet (worn)
 r - a +2 cloak (worn)
 L - a +1 pair of boots of running (worn)
 N - the +2 scale mail of Hubris (worn) {Harm *Slow rElec Dex+4 Slay+3}
   (You found it on level 10 of the Dungeon)

   It affects your dexterity (+4).
   It affects your accuracy and damage with ranged weapons and melee attacks
   (+3).
   It insulates you from electricity.
   It may slow you when you take damage.
   It increases damage dealt and taken.
 P - a +0 tower shield
Jewellery
 b - an amulet of reflection (around neck)
 k - an uncursed ring of protection from cold
 q - a +4 ring of protection (right hand)
 J - a cursed ring of attention (left hand)
Wands
 a - a wand of paralysis (14)
 g - a wand of enslavement (4)
 s - a wand of iceblast (7)
 v - a wand of random effects (19)
 B - a wand of polymorph (9)
 E - a wand of acid (9)
 R - a wand of flame (11)
Scrolls
 j - a scroll of blinking {unknown}
 l - 7 scrolls of identify
 m - a scroll of amnesia {unknown}
 n - a scroll of fog
 o - a scroll of enchant armour
 p - 14 scrolls of teleportation
 y - a scroll of acquirement {unknown}
 F - a scroll of enchant weapon
 G - a scroll of random uselessness {unknown}
 H - a scroll of torment {unknown}
 Q - a scroll of immolation {unknown}
 S - a scroll of brand weapon {unknown}
Potions
 h - 2 potions of curing {unknown}
 i - a potion of degeneration {unknown}
 t - 6 potions of might
 x - a potion of haste {unknown}
 z - a potion of mutation {unknown}
 A - a potion of magic {unknown}
 C - a potion of resistance {unknown}
 D - 3 potions of heal wounds {unknown}
 I - 2 potions of stabbing {unknown}
 K - a potion of lignification {unknown}
 M - a potion of berserk rage {unknown}
Comestibles
 f - 36 rations


   Skills:
 + Level 11.8 Fighting
 * Level 19.9 Polearms
 - Level 2.0 Throwing
 + Level 5.1 Dodging
 + Level 3.1 Stealth
 + Level 1.8 Shields
 * Level 3.9 Invocations


You had 11 spell levels left.
You didn't know any spells.
Your spell library contained the following spells:

 Spells                   Type           Power        Failure   Level  Hunger
 Animate Skeleton         Necr           N/A          80%         1    ##.....
 Apportation              Tloc           #.....       80%         1    ##.....
 Beastly Appendage        Tmut           #.....       80%         1    ##.....
 Corona                   Hex            #......      80%         1    ##.....
 Summon Small Mammal      Summ           #...         80%         1    ##.....
 Sticks to Snakes         Tmut           #.......     91%         2    ###....
 Spider Form              Tmut/Pois      #.........   99%         3    ####...
 Ice Form                 Ice/Tmut       #.......     100%        4    #####..
 Blade Hands              Tmut           #.........   100%        5    ######.


Dungeon Overview and Level Annotations

Branches:
Dungeon (12/15)            Temple (1/1) D:7            Lair (0/6) D:10
    Orc (0/2) D:10

Altars:
Ashenzari
Cheibriados
Dithmenos
Elyvilon
Fedhas
Gozag
Hepliaklqana
Kikubaaqudgha
Makhleb
Nemelex Xobeh
Okawaru
Qazlal
Ru
Sif Muna
Trog
Uskayaw
Vehumet
Wu Jian
Xom
Yredelemnul
Zin
The Shining One

Shops:
D:4 *   D:8 [   D:10 ?   D:12 [


Message History

The unseen horror barely misses you. The unseen horror hits you.
* * * LOW HITPOINT WARNING * * *
You closely miss the unseen horror.
The unseen horror is severely wounded.
The unseen horror hits you but does no damage.
An orc warrior comes into view. It is wielding a +0 mace.
The unseen horror hits you but does no damage.
You block the unseen horror's attack.
The unseen horror hits you but does no damage.
You block the unseen horror's attack.
An orc comes into view. It is wielding a +0 mace.
The orc completely misses you. The unseen horror closely misses you.
The unseen horror completely misses you.
The unseen horror hits you but does no damage.
You hit the unseen horror.
The unseen horror is almost dead.
The unseen horror hits you but does no damage.
The unseen horror hits you!
You die...

####.####......
...Y.......## ###......h..#
# #..#.###..# # #..#.# #..#
# # #..#.# #.S#######o# #
#..#.# #..H..hoo..#
###..u.#########x##.#
.##.......... #@#
#....#######. ##.#.. ##...#
... ..#.## #.#.##
#.###....## ###.#
....#####.##.# #..#.. .>#.#
.#..>(.......# #.... #.#.#
........#.##.# #.#.# #.#.#
###.###.#.##.###)#.#####.#.#
......#.........#.(†.....#.#


You could see an unseen horror (invisible), an orc warrior, a hound and an orc.

Vanquished Creatures
  A hydra (D:12)
  2 two-headed ogres
  An unseen horror (D:10)
  Pikel (D:7)
  A centaur zombie (D:12)
  2 cyclopes
  Joseph (D:8)
  2 komodo dragons
  An efreet (D:11)
  A queen bee (D:8)
  Prince Ribbit (D:9)
  3 trolls
  4 hippogriffs
  A meliai zombie (D:12)
  A spriggan (D:7)
  A shadow (D:8)
  A yak (D:10)
  3 wyverns
  Menkaure (D:7)
  2 wargs (D:10)
  A soldier ant (D:12)
  Duvessa (D:7)
  4 ice beasts
  2 orc warriors
  A sky beast (D:9)
  2 black bears (D:6)
  A necrophage (D:7)
  A phantom (D:5)
  8 centaurs
  8 ogres
  2 crocodiles
  A big kobold (D:9)
  8 bullfrogs
  A water moccasin zombie (D:9)
  3 scorpions
  A wyvern skeleton (D:6)
  20 killer bees
  9 wights
  7 electric eels (D:9)
  3 howler monkeys
  5 crimson imps
  3 bullfrog zombies
  5 hounds
  2 bullfrog skeletons
  5 orc priests
  2 jellies
  A centaur skeleton (D:4)
  7 orc wizards
  10 iguanas
  7 worker ants
  A killer bee zombie (D:7)
  10 gnolls
  A howler monkey skeleton (D:6)
  A worker ant zombie (D:3)
  15 adders
  6 oozes
  2 adder zombies
  2 adder skeletons
  4 worms
  2 dart slugs
  4 leopard geckos
  37 orcs
  8 bats
  7 giant cockroaches
  5 goblins
  10 hobgoblins
  9 jackals
  A quokka (D:4)
  3 frilled lizards
  2 jackal skeletons (D:4)
  14 kobolds
  2 leopard gecko skeletons
  2 quokka skeletons (D:4)
  A quokka zombie (D:8)
  9 rats
320 creatures vanquished.

Vanquished Creatures (others)
  2 slaves (D:7)
  A black bear (D:7)
  Dowan (D:7)
  An iguana (D:7)
  4 orc wizards (D:7)
  3 orcs (D:7)
  A quokka (D:7)
  A leopard gecko zombie (D:7)
  3 plants
17 creatures vanquished.

Grand Total: 337 creatures vanquished

Notes
Turn   | Place    | Note
-------+----------+-------------------------------------------
     0 | D:1      | Ethylacetat the Merfolk Gladiator began the quest for the
                  | Orb.
     0 | D:1      | Reached XP level 1. HP: 16/16 MP: 1/1
   136 | D:1      | Reached XP level 2. HP: 23/23 MP: 2/2
   154 | D:1      | Reached skill level 5 in Polearms
   407 | D:1      | Reached XP level 3. HP: 24/28 MP: 3/3
   719 | D:2      | Reached skill level 6 in Polearms
   782 | D:2      | Reached XP level 4. HP: 26/35 MP: 4/4
  1406 | D:3      | Reached skill level 7 in Polearms
  1416 | D:3      | Reached XP level 5. HP: 37/41 MP: 5/5
  2186 | D:3      | Reached skill level 8 in Polearms
  2186 | D:3      | Reached XP level 6. HP: 45/48 MP: 6/6
  2393 | D:4      | Found a large runed translucent door.
  2393 | D:4      | Found a large runed translucent door.
  2417 | D:4      | Found a large runed translucent door.
  2417 | D:4      | Found a large runed translucent door.
  2755 | D:4      | Noticed a two-headed ogre
  2773 | D:4      | Killed a two-headed ogre
  2773 | D:4      | Reached skill level 11 in Polearms
  2773 | D:4      | Reached XP level 7. HP: 34/58 MP: 7/7
  2773 | D:4      | Reached XP level 8. HP: 38/64 MP: 8/8
  3176 | D:4      | Got an encrusted trident
  3177 | D:4      | Identified the cursed +3 trident of Domination {vorpal,
                  | rElec rPois SInv} (You found it on level 4 of the Dungeon)
  3212 | D:4      | Found Iruocuma's Assorted Antiques.
  3264 | D:4      | Reached skill level 12 in Polearms
  3849 | D:5      | Entered Level 5 of the Dungeon
  3984 | D:5      | Got a transparent quarterstaff
  4104 | D:5      | Reached skill level 13 in Polearms
  4178 | D:5      | Reached XP level 9. HP: 66/72 MP: 9/9
  4266 | D:5      | Found an iron altar of Okawaru.
  4369 | D:5      | Found a stormy altar of Qazlal.
  4539 | D:5      | Found a hide-covered altar of Uskayaw.
  4539 | D:5      | Found a bloodstained altar of Trog.
  4540 | D:5      | Found an ornate altar of the Wu Jian Council.
  4543 | D:5      | Found a shattered altar of Ashenzari.
  5240 | D:6      | Found a glowing golden altar of the Shining One.
  5371 | D:6      | Reached skill level 14 in Polearms
  5704 | D:6      | Found a burning altar of Makhleb.
  5820 | D:6      | Found a sparkling altar of Nemelex Xobeh.
  6013 | D:7      | Noticed Pikel
  6025 | D:7      | Killed Pikel
  6025 | D:7      | Reached skill level 15 in Polearms
  6203 | D:7      | Killed Dowan
  6235 | D:7      | Found a staircase to the Ecumenical Temple.
  6279 | Temple   | Entered the Ecumenical Temple
  6459 | Temple   | Became a worshipper of Dithmenos the Shadowed
  6505 | D:7      | Reached XP level 10. HP: 71/83 MP: 10/10
  6582 | D:7      | Noticed Duvessa
  6590 | D:7      | Killed Duvessa
  7013 | D:7      | Reached skill level 16 in Polearms
  7163 | D:7      | Noticed a cyclops
  7177 | D:7      | Killed a cyclops
  7703 | D:7      | Noticed Menkaure
  7709 | D:7      | Killed Menkaure
  8279 | D:8      | Reached skill level 10 in Fighting
  8279 | D:8      | Reached skill level 17 in Polearms
  8352 | D:8      | Found a glowing golden altar of the Shining One.
  8500 | D:8      | Found Panor's Armour Boutique.
  8608 | D:8      | Noticed a two-headed ogre
  8617 | D:8      | Killed a two-headed ogre
  8881 | D:8      | Reached * piety under Dithmenos
  9100 | D:8      | Reached XP level 11. HP: 82/92 MP: 11/11
  9233 | D:8      | Noticed Joseph
  9244 | D:8      | Killed Joseph
  9244 | D:8      | Reached skill level 18 in Polearms
 10158 | D:9      | Noticed Prince Ribbit
 10165 | D:9      | Killed Prince Ribbit
 10234 | D:9      | Reached ** piety under Dithmenos
 11032 | D:10     | Entered Level 10 of the Dungeon
 11041 | D:10     | Found a staircase to the Orcish Mines.
 11077 | D:10     | Noticed an unseen horror
 11095 | D:10     | Killed an unseen horror
 11095 | D:10     | Reached skill level 19 in Polearms
 11575 | D:10     | Got a warped scale mail
 11586 | D:10     | Identified the +2 scale mail of Hubris {Harm *Slow rElec
                  | Dex+4 Slay+3} (You found it on level 10 of the Dungeon)
 11596 | D:10     | Identified the cursed +0 quarterstaff "Pihuufaq" {venom,
                  | +Rage rF+ rC+++ Dex+4} (You found it on level 5 of the
                  | Dungeon)
 11810 | D:10     | Found a staircase to the Lair.
 11909 | D:10     | Reached skill level 1 in Stealth
 11913 | D:10     | Reached skill level 1 in Invocations
 12338 | D:10     | Found Ceaheome's Magic Scroll Shoppe.
 12341 | D:10     | Bought a scroll of remove curse for 39 gold pieces
 12594 | D:8      | Bought a +1 pair of boots of running for 365 gold pieces
 13046 | D:11     | Reached *** piety under Dithmenos
 13477 | D:12     | Found Nurrilaf's Armour Boutique.
 13482 | D:12     | Reached XP level 12. HP: 97/101 MP: 14/14
 13547 | D:12     | Reached skill level 1 in Shields
 13844 | D:12     | Noticed an eight-headed hydra
 13851 | D:12     | Killed an eight-headed hydra
 13851 | D:12     | Reached skill level 5 in Dodging
 13854 | D:12     | Noticed a five-headed hydra
 13865 | D:12     | HP: 4/102 [red ugly thing (26)]
 13934 | D:12     | Slain by an unseen horror

Illustrated notes

Levels and vault maps discovered:
D:1:      heliophobic_arrival_ceremonial_halls, layout_rooms
D:2:      layout_rooms
D:3:      layout_loops_ring
D:4:      layout_basic, serial_shops, nicolae_shop_window_shopping,
          first_ration, nrook_campfire, minmay_hollow_rounded_squares
D:5:      layout_layer_cave, okawaru_trees_1, minitemple
D:6:      minmay_inner_zag, layout_basic, nicolae_overflow_crystal_walls,
          basic_altar, glass_columns_a, minmay_liquid_box,
          nemelex_dance_club_becter
D:7:      layout_gridville, minmay_temple_entry_waves, the_bakery, kb_rosetta,
          uniq_duvessa, uniq_pikel, uniq_menkaure
D:8:      layout_loops_corners, basic_altar, serial_shops, shop,
          nicolae_looking_at_the_future, uniq_joseph
D:9:      layout_basic, uniq_prince_ribbit1
D:10:     layout_loops_ring, david_lair_shrubbed, minmay_orc_entry_guard_dogs,
          serial_shops, nicolae_shop_behind_doors, nooodl_food_tri
D:11:     layout_loops_cross, kennysheep_decorative_pillar
D:12:     layout_loops_ring, serial_shops, shop, portal_ice_cave_entry_pillars_1
Temple:   regret_index_temple_generic_petals

Skill      XL: |  1  2  3  4  5  6  7  8  9 10 11 12 |
---------------+-------------------------------------+-----
Polearms       | 5 6 7 8 11 13 15 17 19 | 19.9
Fighting       | 3 4 6 7 9 10 11 | 11.8
Stealth        | 2 3 |  3.1
Invocations    | 2 3 |  3.9
Shields        | 1 |  1.8
Dodging        | 5 |  5.1
Throwing       | |  2.0

Action                   |  1- 3 |  4- 6 |  7- 9 | 10-12 || total
-------------------------+-------+-------+-------+-------++-------
Melee: Trident           |   101 |   199 |   286 |   528 ||  1114
       Quarterstaff      |       |       |       |    48 ||    48
       Tailslap          |       |       |       |     4 ||     4
Throw: Throwing net      |       |     2 |       |     3 ||     5
  Use: Scroll            |       |       |       |     7 ||     7
 Stab: Sleeping          |     1 |     4 |     2 |     6 ||    13
       Held in net/web   |       |     4 |       |       ||     4
       Distracted        |       |       |       |     1 ||     1
  Eat: Chunk             |       |     6 |    12 |    23 ||    41
Armor: Leather armour    |    16 |    24 |    22 |    42 ||   104
       Scale mail        |       |       |       |    51 ||    51
Dodge: Dodged            |    70 |    74 |    87 |   238 ||   469
Block: Other             |       |       |       |    16 ||    16
       Reflection        |       |       |       |     1 ||     1
